 Dungeon Crawl Stone Soup version 0.19.0-19-g8c6edcc (webtiles) character file.

65 Chiseanne the Ducker (level 3, 0/19 HPs)
             Began as a Spriggan Monk on Nov 13, 2016.
             Slain by a gnoll
             ... wielding a cursed -3 club
              (3 damage)
             ... on level 2 of the Dungeon.
             The game lasted 00:02:16 (1627 turns).

Chiseanne the Ducker (Spriggan Monk)                Turns: 1627, Time: 00:02:17

Health: 0/19       AC:  2    Str:  7    XL:     3   Next: 92%
Magic:  4/4        EV: 21    Int: 11    God:
Gold:   131        SH:  0    Dex: 19    Spells: 0 memorised, 2 levels left

rFire  . . .     SeeInvis +     m - +2 dagger (vamp)
rCold  . . .     Gourm    .     b - +0 robe
rNeg   . . .     Faith    .     (shield restricted)
rPois  .         Spirit   .     (helmet restricted)
rElec  .         Reflect  .     (no cloak)
rCorr  .         Harm     .     (gloves unavailable)
MR     .....                    (boots unavailable)
Stlth  +++.......               (no amulet)
                                (no ring)
                                (no ring)

@: very quick
A: unfitting armour, see invisible, herbivore 3, speed 3, slow metabolism 2
a: no special abilities


You were on level 2 of the Dungeon.
You were not hungry.

You visited 1 branch of the dungeon, and saw 2 of its levels.

You collected 131 gold pieces.

Inventory:

Hand Weapons
 m - a +2 vampiric dagger (weapon)
Missiles
 e - 13 stones (quivered)
 h - 33 bolts
 n - a throwing net
Armour
 b - a +0 robe (worn)
Scrolls
 a - a scroll of remove curse
 d - a scroll of immolation
 i - 3 scrolls of identify {unknown}
Potions
 f - a potion of cancellation {unknown}
 g - 2 potions of flight {unknown}
 j - a potion of ambrosia {unknown}
 k - a potion of haste {unknown}
 l - a potion of degeneration {unknown}
Comestibles
 c - a bread ration


   Skills:
 + Level 2.9 Fighting
 - Level 3.2 Short Blades
 + Level 5.3 Dodging
 * Level 5.0 Stealth


You had 2 spell levels left.
You didn't know any spells.

Dungeon Overview and Level Annotations

Branches:
Dungeon (2/15)

Altars:

Annotations:
D:2 exclusion: gnoll


Innate Abilities, Weirdness & Mutations

You are very small and have problems with some larger weapons.
You are too small for most types of armour.
You have supernaturally acute eyesight. (SInv)
You are a herbivore.
You cover ground extremely quickly.
You need consume almost no food.


Message History

You hit the gnoll but do no damage. The gnoll hits you with a club.
You hit the gnoll.
The gnoll is lightly wounded.
The gnoll misses you. The gnoll barely misses you.
You barely miss the gnoll.
The gnoll is lightly wounded.
The gnoll hits you from afar with a spear.
You hit the gnoll.
You feel better.
The gnoll is lightly wounded.
The gnoll closely misses you.
The gnoll hits you from afar with a spear.
You hit the gnoll but do no damage.
The gnoll is lightly wounded.
The gnoll closely misses you.
You hit the gnoll.
You feel better.
The gnoll is moderately wounded.
The gnoll hits you from afar with a spear!
* * * LOW HITPOINT WARNING * * *
The gnoll hits you with a club.
You die...

#.# #.#.# #.#.#
#######.#.# ###
.>......... ..
........#.# #.
........#.# . #.
#+#####.#.###.g....###
#....@ggr.............
#.#####g#.###...g..###
#.# #.#.# # #.# #.#.#
#.# #.#.# ######## #.#
#.#.. ........ #.#
#.### ########.. #.#
#.# #......... #.# #%#
#.........


You could see 3 gnolls and a rat.

Vanquished Creatures
  A gnoll (D:2)
  An ooze (D:1)
  2 leopard geckos
  7 giant cockroaches
  8 goblins
  9 hobgoblins
  3 jackals (D:1)
  4 kobolds (D:1)
  A ball python (D:2)
  2 bats (D:2)
  3 frilled lizards
  A rat (D:2)
42 creatures vanquished.

Notes
Turn   | Place    | Note
-------+----------+-------------------------------------------
     0 | D:1      | Chiseanne the Spriggan Monk began the quest for the Orb.
     0 | D:1      | Reached XP level 1. HP: 11/11 MP: 2/2
    29 | D:1      | Reached XP level 2. HP: 8/16 MP: 3/3
   858 | D:1      | Reached XP level 3. HP: 16/19 MP: 4/4
  1102 | D:2      | Reached skill level 5 in Dodging
  1621 | D:2      | Reached skill level 5 in Stealth
  1627 | D:2      | Slain by a gnoll

Skill      XL: |  1  2  3 |
---------------+----------+-----
Stealth        | 4 5 |  5.0
Dodging        | 5 |  5.3
Fighting       | |  2.9
Short Blades   | |  3.2

Action                   || total
-------------------------++-------
Melee: Short sword       ||   115
       Dagger            ||    23
  Use: Scroll            ||     6
 Stab: Sleeping          ||     9
  Eat: Bread ration      ||     1
Armor: Robe              ||     7
Dodge: Dodged            ||   113
